 Dungeon Sprint DCSS version 0.23.0 (webtiles) character file.

Game seed: 1834448106832772043

264 Kairos the Skirmisher (level 6, -1/37 HPs)
             Began as a Vine Stalker Fighter on Feb 12, 2019.
             Slain by a slime creature (7 damage)
             ... in the Dungeon (Sprint I: "Red Sonja").
             The game lasted 00:00:28 (136 turns).

Kairos the Skirmisher (Vine Stalker Fighter)         Turns: 136, Time: 00:00:29

Health: -1/37      AC:  7    Str: 26    XL:     6   Next: 19%
Magic:  0/7        EV:  8    Int:  8    God:
Gold:   54         SH: 11    Dex: 13    Spells: 5/5 levels left

rFire    . . .     SeeInvis .   a - +0 war axe
rCold    . . .     Gourm    .   c - +0 shield
rNeg     . . .     Faith    .   b - +0 scale mail
rPois    .         Spirit   +   (no helmet)
rElec    .         Reflect  .   (no cloak)
rCorr    .         Harm     .   (no gloves)
MR       .....     NoTele   +   (no boots)
Stlth    ..........             (no amulet)
HPRegen  0.52/turn              (no ring)
MPRegen  0.10/turn              (no ring)

@: mighty
A: fangs 2, regeneration 1, magic shield, antimagic bite, no potion heal 3, rot
immunity
a: no special abilities


You were in the Dungeon.
You were not hungry.

You visited 1 branch You collected 54 gold pieces.

Inventory:

Hand Weapons
 a - a +0 war axe (weapon)
Armour
 b - a +0 scale mail (worn)
 c - a +0 shield (worn)
Scrolls
 k - a scroll of blinking
Potions
 e - a potion of curing
 g - a potion of heal wounds
 h - a potion of haste
 i - 2 potions of magic
 j - a potion of berserk rage
Comestibles
 f - a ration


   Skills:
 + Level 6.7 Fighting
 + Level 5.0 Axes
 + Level 5.8 Armour
 + Level 6.4 Shields


You had 5 spell levels left.
You didn't know any spells.
Your spell library was empty.

Dungeon Overview and Level Annotations

Branches:
Dungeon (1/1)

Altars:
Makhleb
Xom
Jiyva
Lugonu


Innate Abilities, Weirdness & Mutations

You have extremely sharp teeth.
Your natural rate of healing is unusually fast.
When hurt, damage is shared between your health and your magic reserves.
Your bite disrupts and absorbs the magic of your enemies.
Potions cannot restore your health.
You are immune to rotting.


Message History

A slime creature comes into view.
The slime creature quivers.
An arrow hits the slime creature!
Found four altars.
The slime creature hits you!
There is an open door here.
You slash the slime creature! Your bite misses the slime creature.
The slime creature is lightly wounded.
The slime creature hits you!
* * * LOW HITPOINT WARNING * * *
The slime creature hits you.
* * * LOW HITPOINT WARNING * * *
You slash the slime creature! You bite the slime creature! You drain its power.
You feel invigorated.
The slime creature is severely wounded.
You block the slime creature's attack.
You slash the slime creature! You bite the slime creature! You drain its power.
The slime creature is almost dead.
The slime creature hits you!
You die...

###################
#<.#..)..#.)'.$#__#
#..').#..'..#$.@J.+
#..#####+#####+#__#
#..# ### #..# #..#
#⌠⌠# ####


You could see a slime creature.

Vanquished Creatures
  Sigmund (D)
  An ogre (D)
  Ijyb (D)
3 creatures vanquished.

Notes
Turn   | Place    | Note
-------+----------+-------------------------------------------
     0 | D        | Kairos the Vine Stalker Fighter began the quest for the
                  | Orb.
     0 | D        | Reached XP level 1. HP: 11/11 MP: 2/2
     2 | D        | Noticed Ijyb
    10 | D        | Killed Ijyb
    10 | D        | Reached XP level 2. HP: 16/17 MP: 1/3
    10 | D        | Reached XP level 3. HP: 19/21 MP: 1/4
   110 | D        | Noticed an ogre
   112 | D        | Killed an ogre
   112 | D        | Reached skill level 5 in Fighting
   112 | D        | Reached skill level 5 in Shields
   112 | D        | Gained mutation: Your natural rate of healing is unusually
                  | fast. [Vine Stalker growth]
   112 | D        | Reached XP level 4. HP: 27/27 MP: 5/5
   116 | D        | Noticed Sigmund
   124 | D        | Killed Sigmund
   124 | D        | Reached skill level 5 in Axes
   124 | D        | Reached skill level 5 in Armour
   124 | D        | Reached XP level 5. HP: 14/32 MP: 3/6
   124 | D        | Reached XP level 6. HP: 16/37 MP: 3/7
   132 | D        | Found a burning altar of Makhleb.
   132 | D        | Found a viscous altar of Jiyva.
   132 | D        | Found a shimmering altar of Xom.
   132 | D        | Found a corrupted altar of Lugonu.
   132 | D        | Noticed a slime creature
   136 | D        | Slain by a slime creature

Skill      XL: |  1  2  3  4 |
---------------+-------------+-----
Fighting       | 4 5 6 |  6.7
Axes           | 2 3 5 |  5.0
Armour         | 3 4 5 |  5.8
Shields        | 3 5 6 |  6.4

Action                   |  1- 3 |  4- 6 || total
-------------------------+-------+-------++-------
Melee: War axe           |     8 |     9 ||    17
       Bite              |     2 |     3 ||     5
  Use: Potion            |     1 |       ||     1
Armor: Scale mail        |     2 |       ||     2
Dodge: Dodged            |     2 |       ||     2
Block: Shield            |     3 |     4 ||     7
